 Dungeon Crawl Stone Soup version 0.29.0-4-gdea44cf6ec (webtiles) character file.

Game seed: 2110906627911752596

4 qw the Sneak (level 1, 0/14 HPs)
             Began as a Gargoyle Delver on Sept 10, 2022.
             Slain by an orc
             ... wielding a +0 club
              (1 damage)
             ... on level 5 of the Dungeon.
             The game lasted 00:00:01 (28 turns).

qw the Sneak (Gargoyle Delver)                        Turns: 28, Time: 00:00:01

Health: 0/14       AC:  5    Str: 15    XL:     1   Next: 60%
Magic:  1/1        EV: 11    Int: 10    God:
Gold:   0          SH:  0    Dex: 11    Spells: 0/0 levels left

rFire   . . .      SeeInvis .   a - +0 hand axe
rCold   . . .      Faith    .   (no shield)
rNeg    + . .      Spirit   .   b - +0 leather armour
rPois   inf        Reflect  .   (no helmet)
rElec   +          Harm     .   (no cloak)
rCorr   .          Rampage  .   (no gloves)
Will    .....                   (no boots)
Stlth   +++.......              (no amulet)
HPRegen 0.04/turn               (no ring)
MPRegen 0.07/turn               (no ring)

@: no status effects
A: sickness immunity, AC +2, negative energy resistance 1, electricity
resistance, torment resistance 1, petrification resistance
a: no special abilities


You were on level 5 of the Dungeon.
You visited 1 branch of the dungeon, and saw 1 of its levels.


Innate Abilities, Weirdness & Mutations

You are immune to sickness and miasma.
Your stone body is resilient. (AC +2)
You are immune to poison.
You resist negative energy. (rN+)
You are resistant to electric shocks. (rElec)
You are resistant to unholy torment.
You are immune to petrification.


   Skills:
 - Level 3.2 Fighting
 + Level 2.1 Axes
 - Level 1.5 Dodging
 - Level 5.4 Stealth


You couldn't memorise any spells.
You didn't know any spells.
Your spell library was empty.

Inventory:

Hand Weapons
 a - a +0 hand axe (weapon)
Armour
 b - a +0 leather armour (worn)
Wands
 g - a wand of digging (3)
Scrolls
 c - a scroll of fog
 d - a scroll of magic mapping
 e - a scroll of fear
Potions
 f - a potion of haste

Dungeon Overview and Level Annotations

Branches:
Dungeon (5/15)
 Temple: D:4-7

Altars:


Message History

An orc comes into view. It is wielding a +0 club.
17 ||| Stepping ~*~*~tactically~*~*~ (stealth). 2 orcs come into view.
19 ||| Stepping ~*~*~tactically~*~*~ (stealth).
An iguana comes into view.
The orc hits you but does no damage.
The orc wizard shouts!
The orc shouts! x3
You hit the orc.
The orc is almost dead.
The orc wizard points at you and mumbles some strange words.
You resist with significant effort. The orc barely misses you.
You hit the orc.
You kill the orc!
Your Axes skill increases to level 2!
The orc wizard mumbles some strange words.
The orc wizard flickers and vanishes!
Deactivating autopickup; reactivate with Ctrl-A.
You hit the orc.
The orc is almost dead.
You closely miss the orc. The orc hits you but does no damage. x2
You hit the orc.
You kill the orc!
You hit something. You closely miss the orc. You hit the orc.
The orc barely misses you. The orc misses you.
Something hits you but does no damage.
You hit the orc.
The orc is heavily wounded.
You hit the orc but do no damage. You closely miss something.
You hit the iguana. The orc hits you with a +0 club. The iguana misses you.
The orc barely misses you. Something hits you. The orc closely misses you.
Something hits you but does no damage. The iguana bites you!
Ouch! That really hurt!
The orc closely misses you.
You barely miss the orc.
The orc is heavily wounded.
You hit something. You barely miss the iguana.
You hit the orc but do no damage. The orc hits you with a +0 club. x2
You die...

#............
###............
..............
............#
..........>.####.#
#..............[..
##....{o............
......l@............
##....o)............
##.#####...........
#.#####...........
####.................
#....................
##.......###..........
.........# ##.########
#.......## #.#


You could see an iguana and 2 orcs.

Vanquished Creatures
  2 orcs (D:5)
2 creatures vanquished.

Notes
Turn   | Place    | Note
-------+----------+-------------------------------------------
     0 | D:5      | qw the Gargoyle Delver began the quest for the Orb.
     0 | D:5      | Reached XP level 1. HP: 14/14 MP: 1/1
     0 | D:5      | 0 ||| qw: Version: 0.1-a-117-gfe26ee0
     0 | D:5      | 0 ||| qw: Game counter: 9556
     0 | D:5      | 0 ||| qw: Always use a shield: true
     0 | D:5      | 0 ||| qw: God list: Okawaru
     0 | D:5      | 0 ||| qw: Allow faded altars: false
     0 | D:5      | 0 ||| qw: Do Orc after D:15 true
     0 | D:5      | 0 ||| qw: Do second Lair branch before Depths: true
     0 | D:5      | 0 ||| qw: Lair rune preference: random
     0 | D:5      | 0 ||| qw: Plans: Normal
     0 | D:5      | 0 ||| PLANNING D:1-11
    16 | D:5      | Noticed an orc wizard
    17 | D:5      | 17 ||| Stepping ~*~*~tactically~*~*~ (stealth).
    19 | D:5      | 19 ||| Stepping ~*~*~tactically~*~*~ (stealth).
    21 | D:5      | Noticed an iguana
    27 | D:5      | HP: 3/14 [iguana (9)]
    28 | D:5      | HP: 1/14 [orc/+0 club (2)]
    28 | D:5      | Slain by an orc

Levels and vault maps discovered:
D:5:      layout_rooms, old_standard_altar, lemuel_coloured_pillars_altar,
          temple_pool_b, uniq_eustachio, uniq_crazy_yiuf_cottage

Skill      XL: |  1 |
---------------+----+-----
Axes           | 2 |  2.1
Fighting       | |  3.2
Dodging        | |  1.5
Stealth        | |  5.4

Action                   || total
-------------------------++-------
Melee: Hand axe          ||     6
Armor: Leather armour    ||     5
Dodge: Dodged            ||     7

Table legend:
 A = Non-vault XP
 B = Vault XP
 C = Vault XP percentage of total XP
 D = Non-vault monster count
 E = Vault monster count
 F = Vault count percentage of total count
                 A         B        C        D         E       F
            +---------+---------+-------+---------+---------+-------
      Total |       6 |       0 |   0.0 |       2 |       0 |   0.0
            +---------+---------+-------+---------+---------+-------
        D:5 |       6 |       0 |   0.0 |       2 |       0 |   0.0
            +---------+---------+-------+---------+---------+-------
